 Dungeon Crawl Stone Soup version 0.30.0-29-ga12c61a403 (webtiles) character file.

Game seed: 104132535553355040

30 Peloso the Covered (level 3, 33/33 HPs)
             Began as a Minotaur Fighter on June 24, 2023.
             Got out of the dungeon alive.
             The game lasted 00:01:54 (475 turns).

Peloso the Covered (Minotaur Fighter)                Turns: 475, Time: 00:01:55

Health: 33/33      AC:  9    Str: 20    XL:     3   Next: 5%
Magic:  2/2        EV:  9    Int:  5    God:
Gold:   70         SH:  4    Dex: 11    Spells: 2/2 levels left

rFire   . . .        a - +0 long sword
rCold   . . .        d - +0 buckler
rNeg    . . .        b - +0 scale mail
rPois   .            (helmet restricted)
rElec   .            (no cloak)
rCorr   .            (no gloves)
SInv    +            (no boots)
Will    .....        (no amulet) Stlth
                     (no ring)
HPRegen 0.25/turn    (no ring)
MPRegen 0.08/turn

%: no passive effects
@: no status effects
A: horns 2, retaliatory headbutt, iridescent scales 1, see invisible, passive
freeze, devolution 1
a: no special abilities


You escaped.
You visited 1 branch of the dungeon, and saw 1 of its levels.

You collected 70 gold pieces.

Inventory:

Hand Weapons
 a - a +0 long sword (weapon)
 c - a +1 short sword of electrocution
Armour
 b - a +0 scale mail (worn)
 d - a +0 buckler (worn)
Wands
 g - a wand of mindburst (10)
Scrolls
 e - a scroll of blinking {unknown}
 f - 4 scrolls of identify {unknown}
 h - a scroll of enchant weapon {unknown}
 j - a scroll of torment {unknown}
 l - a scroll of noise {unknown}
Potions
 k - a potion of might


   Skills:
 + Level 4.0 Fighting
 + Level 2.7 Long Blades
 + Level 4.3 Armour
 + Level 4.0 Shields


You had 2 spell levels left.
You didn't know any spells.
Your spell library was empty.

Dungeon Overview and Level Annotations

Branches:
Dungeon (1/15)

Altars:

Shops:
D:1 [


Innate Abilities, Weirdness & Mutations

You have a pair of horns on your head.
You reflexively headbutt those who attack you in melee.
You are partially covered in iridescent scales. (AC +2)
You have supernaturally acute eyesight. (SInv)
A frigid envelope surrounds you and freezes all who hurt you.
You have hidden genetic defects.


Message History

Increase (S)trength, (I)ntelligence, or (D)exterity?
You feel agile. x2
You slash the endoplasm!
You kill the endoplasm!
You slash the rat!
You kill the rat!
Found 2 boomerangs.
Found a stone staircase leading down.
You see here a rat corpse.
You see here a +2 dagger of pain.
Found a scroll labelled ISOL DAUBUA.
You see here a +1 short sword of electrocution.
You see here a rat corpse.
You now have 70 gold pieces (gained 6).
You see here a rat corpse.
You drop a potion of might.
You start removing your armour.
You continue taking off your +0 buckler. x4
You finish taking off your +0 buckler.
You drop a +0 buckler.
You see here a +1 short sword of electrocution.
c - a +1 short sword of electrocution You see here a +0 buckler.
d - a +0 buckler You see here a potion of might.
k - a potion of might You start putting on your armour.
You continue putting on your +0 buckler. x4
You finish putting on your +0 buckler.
f - 4 scrolls labelled ISOL DAUBUA (gained 1)
Found an escape hatch in the floor.
l - a scroll labelled DOUNGU VOUKUENN It was a potion of mutation.
You feel extremely strange.
You feel a hidden malignance growing inside you.
Iridescent scales grow over part of your body.
Your vision sharpens.
Your skin feels very cold.
(D) Dungeon
Where to? (? - help)
What level of the Dungeon? (default 1, ? - help)
There is a staircase leading out of the dungeon here.
Are you sure you want to leave the Dungeon?
This will make you lose the game!
You have escaped!

########..........##....##.###
#...............###..#.###...##.
#....##......#####....## #....##.
#....##......###.#.#### ##.##..#.
#...###......#......# ###..##..#.
#.....#......#.#.#.####........#.
#...#........#.#..## #..####..##.
#...####.....#(...# #.## #..##.
#...# ##....#.#@############..#.
#...# ####.#####..........##.#.
##### #.................###.
######...#.####[.[....
#.#.#.###..###... #....≈....##
#### #..§§§≈...# # #..§...≈..#
### #.≈.§∩..≈## #..


There were no monsters in sight!

Vanquished Creatures
  A dart slug (D:1)
  4 ball pythons (D:1)
  3 endoplasms (D:1)
  A giant cockroach (D:1)
  2 goblins (D:1)
  A hobgoblin (D:1)
  2 jackals (D:1)
  2 kobolds (D:1)
  3 quokkas (D:1)
  2 bats (D:1)
  2 frilled lizards (D:1)
  2 rats (D:1)
25 creatures vanquished.

Notes
Turn   | Place    | Note
-------+----------+-------------------------------------------
     0 | D:1      | Peloso the Minotaur Fighter began the quest for the Orb.
     0 | D:1      | Reached XP level 1. HP: 19/19 MP: 0/0
   113 | D:1      | Reached XP level 2. HP: 26/27 MP: 1/1
   162 | D:1      | Found Biarut's Armour Shoppe.
   185 | D:1      | Found a faded altar of an unknown god.
   373 | D:1      | Reached XP level 3. HP: 22/33 MP: 2/2
   437 | D:1      | Gained mutation: You have hidden genetic defects. [potion
                  | of mutation]
   437 | D:1      | Gained mutation: You are partially covered in iridescent
                  | scales. (AC +2) [potion of mutation]
   437 | D:1      | Gained mutation: You have supernaturally acute eyesight.
                  | (SInv) [potion of mutation]
   437 | D:1      | Gained mutation: A frigid envelope surrounds you and
                  | freezes all who hurt you. [potion of mutation]
   475 | D:$      | Got out of the dungeon alive.

Illustrated notes

Levels and vault maps discovered:
D:1:      lemuel_arrival_tunnels, layout_rooms, serial_shops,
          nicolae_diamond_shop, hellmonk_ecumenical_altar_lost_god

Skill      XL: |  1  2 |
---------------+-------+-----
Armour         | 4 |  4.3
Fighting       | 4 |  4.0
Shields        | 4 |  4.0
Long Blades    | |  2.7

Action                     || total
---------------------------++-------
  Melee: Long sword        ||    47
         Headbutt          ||     5
    Use: Potion            ||     1
 Armour: Scale mail        ||    24
  Dodge: Dodged            ||    27
  Block: Buckler           ||    15
